AoeStats
← capt. Bear

African Clearing

505246087Analyzed
4v4 RM · 25d ago on Sep 8, 2026· 31m 42s· 8 players
Game mode
Random Map
Map size
Large (8 player)
Population
200
Speed
Normal
Resources
Standard
Victory
Conquest
Starting age
Dark Age
Ending age
Imperial Age
RankedLock teamsTeams togetherTeam positionsShared explorationLock speedFull tech treeHidden civsTurbo modeCheats
Victory
Defeat
🇨🇳 Magyars · China
1736
+10
🇨🇳 Mongols · China
1670
+13
🇨🇳 Burgundians · China
1653
+13
🇦🇷 Burmese · Argentina
1552
+17
🇦🇷 Tupi · Argentina
1621
-14
🇧🇷 Berbers · Brazil
1615
-14
🇹🇼 Poles · Taiwan
1594
-13
🇹🇼 Khmer · Taiwan
1570
-12
72 Black Fan
3:06 Loom
13:16 Feudal Age
18:13 Castle Age
16:43 Double-Bit Axe
16:57 Fishing Lines
19:01 Fletching
21:11 Town Watch
22:55 Bow Saw
24:21 Ballistics
26:34 Horse Collar
28:42 Padded Archer Armor
28:38 Bodkin Arrow
29:48 Padded Archer Armor
30:15 Gold Mining
33:47 Imperial Age
Perseu
11:37 Loom
13:30 Feudal Age
18:13 Castle Age
17:18 Double-Bit Axe
20:29 Horse Collar
24:00 Fletching
25:52 Bow Saw
31:58 Wheelbarrow
32:05 Ballistics
31:54 Town Watch
capt. Bear
13:36 Feudal Age
16:17 Castle Age
14:55 Double-Bit Axe
14:53 Horse Collar
15:32 Loom
16:59 Scale Barding Armor
17:16 Bow Saw
24:51 Bloodlines
26:34 Chain Barding Armor
27:25 Forging
28:53 Wheelbarrow
28:03 Town Watch
31:57 Iron Casting
Guilter
3:19 Loom
13:54 Feudal Age
14:19 Horse Collar
14:28 Double-Bit Axe
22:26 Fletching
25:57 Wheelbarrow
28:38 Castle Age
BiliBili风间
7:34 Double-Bit Axe
11:23 Loom
13:25 Feudal Age
14:24 Town Watch
14:49 Stone Mining
17:27 Castle Age
15:34 Stone Mining
16:24 Horse Collar
16:50 Gold Mining
17:17 Bow Saw
22:09 Scale Barding Armor
25:25 Chain Barding Armor
26:12 Forging
28:47 Wheelbarrow
31:06 Iron Casting
30:50 Hand Cart
31:47 Two-Man Saw
таҗик
13:28 Feudal Age
17:26 Castle Age
15:38 Loom
18:03 Pikeman
20:49 Sanctity
22:44 Redemption
23:16 Fervor
冥想控
11:27 Feudal Age
10:06 Loom
12:29 Double-Bit Axe
21:05 Castle Age
21:29 Light Cavalry
22:10 Husbandry
22:38 Bloodlines
23:00 Double-Bit Axe
24:02 Scale Barding Armor
26:15 Chain Barding Armor
30:54 Town Watch
31:53 Horse Collar
我也要有心啊
13:33 Feudal Age
14:50 Double-Bit Axe
17:27 Castle Age
15:53 Horse Collar
16:35 Fletching
16:53 Loom
18:39 Bow Saw
19:41 Heavy Plow
21:21 Town Watch
24:24 Husbandry
25:35 Bodkin Arrow
26:35 Ballistics
27:07 Padded Archer Armor
28:46 Wheelbarrow
31:20 Hand Cart
31:06 Gold Mining
31:06 Stone Mining
Connection lost

Rejoining the realm…

Still unreachable

The connection could not be restored.

Session expired

The server has moved on; the page needs a fresh start.